 Dungeon Crawl Stone Soup version 0.21-a0-630-g344d351 (webtiles) character file.

4369 Charly the Cleaver (level 10, -7/133 (135) HPs)
             Began as a Minotaur Berserker on Dec 25, 2017.
             Was an Elder of Trog.
             Mangled by a two-headed ogre
             ... wielding a +0 giant club
              (18 damage)
             ... on level 8 of the Dungeon.
             The game lasted 00:07:19 (3532 turns).

Charly the Cleaver (Minotaur Berserker)             Turns: 3532, Time: 00:07:20

HP:   -7/133 (135)  AC: 12    Str: 28    XL:     10   Next: 13%
MP:   9/9           EV: 12    Int:  4    God:    Trog [****..]
Gold: 292           SH:  0    Dex: 12    Spells: 9/9 levels left

rFire    + . .     SeeInvis .   o - +0 war axe
rCold    x . .     Gourm    .   (no shield)
rNeg     . . .     Faith    .   l - +1 chain mail
rPois    .         Spirit   .   (helmet restricted)
rElec    .         Reflect  .   (no cloak)
rCorr    .         Harm     .   (no gloves)
MR       .....                  (no boots)
Stlth    ..........             (no amulet)
HPRegen  0.32/turn              i - ring of fire
MPRegen  0.11/turn              (no ring)

@: berserking, very quick
A: retaliatory headbutt, horns 2
a: Berserk, Trog's Hand, Brothers in Arms, Burn Spellbooks, Renounce Religion


You were on level 8 of the Dungeon.
You worshipped Trog.
Trog was greatly pleased with you.
You were very hungry.

You visited 1 branch of the dungeon, and saw 8 of its levels.

You collected 292 gold pieces.

Inventory:

Hand Weapons
 a - a +0 hand axe
 o - a +0 war axe (weapon)
Armour
 b - a +0 animal skin
 l - a +1 chain mail (worn)
Jewellery
 i - a ring of fire (left hand)
Wands
 m - a wand of flame (27)
 s - a wand of acid (8)
 u - a wand of clouds (6)
Scrolls
 d - 2 scrolls of enchant weapon
 e - 3 scrolls of remove curse
 g - 2 scrolls of teleportation
 j - 2 scrolls of amnesia
 k - a scroll of vulnerability {unknown}
 q - 6 scrolls of identify
 r - a scroll of enchant armour
Potions
 f - a potion of agility
 h - a potion of heal wounds {unknown}
 n - 2 potions of brilliance {unknown}
 p - 2 potions of curing {unknown}
 t - a potion of magic {unknown}
 v - a potion of invisibility {unknown}
Comestibles
 c - 10 rations


   Skills:
 + Level 8.7 Fighting
 * Level 11.6 Axes
 + Level 8.2 Armour
 + Level 7.5 Dodging


You had 9 spell levels left.
You didn't know any spells.

Dungeon Overview and Level Annotations

Branches:
Dungeon (8/15)             Temple (0/1) D:4
   Lair: D:8-11

Altars:
Nemelex Xobeh
Vehumet
The Shining One

Shops:
D:4 *[*[   D:7 (:*   D:8 =


Innate Abilities, Weirdness & Mutations

You reflexively headbutt those who attack you in melee.
You have a pair of horns on your head.


Message History

Unknown command.
You barely miss the two-headed ogre.
The two-headed ogre is moderately wounded.
You hit the phantom.
The two-headed ogre hits you but does no damage. x2
Unknown command.
Unknown command.
You slash the two-headed ogre!
The two-headed ogre is heavily wounded.
You barely miss the phantom.
The phantom hits you but does no damage.
Unknown command.
Unknown command.
You closely miss the two-headed ogre.
The two-headed ogre is heavily wounded.
You hit the phantom. The phantom hits you.
* * * LOW HITPOINT WARNING * * *
The phantom blinks!
The two-headed ogre hits you with a giant club!!
You die...

#............#.....∩)...# #.
#........###.#......)...## #.
#........#...<......))...# #.
##+####..#.##............# #.
######.####.........#+######.# #.
.............................###.
############################...#.
###.###.###.###§###F###.# #.#...
)#)#.#.#.#.#.#.#@#†#(#.# #.#...
#)###.###.###.###O###)## #.>...
)#p#.#.#.#.#W#.#.#.#)#)# #...##
#.#.###.###.###.###)###h# #...#
.#.#)#.#.#.#.#.#.#†#.# #.# #...#
#)#.#O# #.###.###†###.# #.##.....
.#.#.#.#.#.#.#.#.#.# #.# #$#.#.
###.#.#.###.###.# #§# #.# ##
.#.#.#.#.#.#.#.#.# #.# #.#


You could see a two-headed ogre.

Vanquished Creatures
  Pikel (D:8)
  An ugly thing (D:8)
  A hippogriff (D:7)
  2 water moccasins
  3 orc warriors
  3 sky beasts
  4 ogres
  A necrophage (D:6)
  A phantom (D:6)
  4 centaurs
  A big kobold (D:7)
  3 bullfrogs
  A water moccasin zombie (D:5)
  A scorpion (D:7)
  A water moccasin skeleton (D:6)
  2 wights (D:8)
  3 killer bees (D:7)
  5 howler monkeys
  A crimson imp (D:8)
  2 jellies
  6 hounds
  6 orc priests
  3 bullfrog skeletons
  5 orc wizards
  An iguana (D:5)
  7 worker ants
  A hound skeleton (D:6)
  3 adders
  A shadow imp (D:7)
  An adder zombie (D:8)
  3 adder skeletons
  A worm (D:3)
  3 leopard geckos
  20 orcs
  2 bats (D:2)
  2 hobgoblins
  3 jackals (D:7)
  9 kobolds
  A quokka (D:8)
  A ball python (D:4)
  2 rats
122 creatures vanquished.

Vanquished Creatures (others)
  Maurice (D:8)
  3 slaves (D:8)
  A centaur zombie (D:8)
  An adder (D:8)
6 creatures vanquished.

Grand Total: 128 creatures vanquished

Notes
Turn   | Place    | Note
-------+----------+-------------------------------------------
     0 | D:1      | Charly the Minotaur Berserker began the quest for the Orb.
     0 | D:1      | Reached XP level 1. HP: 19/19 MP: 0/0
   197 | D:3      | Reached skill level 4 in Axes
   197 | D:3      | Reached XP level 2. HP: 21/27 MP: 1/1
   324 | D:4      | Found Circhak's General Store.
   373 | D:4      | Found Watsyderyi's General Store.
   381 | D:4      | Found a sparkling altar of Nemelex Xobeh.
   388 | D:4      | Found a staircase to the Ecumenical Temple.
   425 | D:4      | Found Fietaptu's Antique Armour Shop.
   480 | D:4      | Found Kuenig's Armour Emporium.
   580 | D:4      | Reached XP level 3. HP: 31/33 MP: 2/2
   611 | D:4      | Found a glowing golden altar of the Shining One.
   646 | D:4      | Noticed an ogre
   654 | D:4      | Killed an ogre
   654 | D:4      | Reached skill level 5 in Axes
   654 | D:4      | Reached XP level 4. HP: 41/41 MP: 3/3
   654 | D:4      | Reached XP level 5. HP: 47/47 MP: 4/4
   734 | D:4      | Found Atixas Kiawe's Armour Emporium.
   848 | D:5      | Entered Level 5 of the Dungeon
   921 | D:5      | Reached XP level 6. HP: 35/55 MP: 5/5
  1093 | D:5      | Reached skill level 6 in Axes
  1106 | D:5      | Reached skill level 5 in Fighting
  1232 | D:5      | Found a radiant altar of Vehumet.
  1670 | D:6      | Noticed an orc warrior
  1675 | D:6      | Killed an orc warrior
  1675 | D:6      | Reached XP level 7. HP: 61/61 MP: 6/6
  1680 | D:6      | Reached skill level 7 in Axes
  1830 | D:6      | Reached ** piety under Trog
  1830 | D:6      | Reached skill level 5 in Armour
  2023 | D:6      | Reached XP level 8. HP: 51/69 MP: 7/7
  2036 | D:6      | Reached skill level 8 in Axes
  2036 | D:6      | Reached skill level 5 in Dodging
  2285 | D:7      | Reached skill level 9 in Axes
  2344 | D:7      | Found Idwori Pown's Book Boutique.
  2379 | D:7      | Found Mahiomn's Assorted Antiques.
  2518 | D:7      | Reached *** piety under Trog
  2519 | D:7      | Noticed a hippogriff
  2526 | D:7      | Killed a hippogriff
  2526 | D:7      | Reached XP level 9. HP: 78/78 MP: 8/8
  2632 | D:7      | Found Remyn's Antique Weapon Shoppe.
  2889 | D:7      | Reached skill level 10 in Axes
  3068 | D:8      | Found Lomi's Jewellery Emporium.
  3239 | D:8      | Noticed Pikel
  3245 | D:8      | Killed Pikel
  3245 | D:8      | Reached skill level 11 in Axes
  3352 | D:8      | Noticed a brown ugly thing
  3362 | D:8      | Killed a brown ugly thing
  3362 | D:8      | Reached XP level 10. HP: 27/89 MP: 9/9
  3364 | D:8      | Reached **** piety under Trog
  3377 | D:8      | Killed Maurice
  3503 | D:8      | Noticed a two-headed ogre
  3532 | D:8      | Mangled by a two-headed ogre

Vault maps used:
D:1:      shiori_shiawase, minmay_misc_feat_x
D:2:      nicolae_qazlal_eye_of_the_storm, hangedman_decor_push
D:3:      minmay_door_path, nicolae_dithmenos_shadow_blocks
D:4:      lemuel_coloured_pillars_altar, nemelex_xobeh_ov_fountains_minmay,
          minmay_temple_entry_hall, serial_shops, shop, shop,
          nicolae_shop_stone, shop, nicolae_shop_trees, first_ration
D:5:      vehumet_crystals
D:6:      hangedman_decor_riveting
D:7:      serial_shops, nicolae_shop_behind_doors, nicolae_shop_crystal,
          nicolae_shop_waterfront
D:8:      minmay_imperfect_grid, kennysheep_mini_moat, serial_shops, shop,
          serial_glass, glass_columns_c, glass_columns_b, glass_columns_b,
          glass_columns_b, glass_columns_a, glass_columns_c, glass_columns_a,
          glass_columns_a, uniq_pikel, uniq_maurice

Skill      XL: |  1  2  3  4  5  6  7  8  9 |
---------------+----------------------------+-----
Axes           | 4 5 6 7 9 11 | 11.6
Fighting       | 4 5 6 7 8 |  8.7
Armour         | 3 4 5 6 8 |  8.2
Dodging        | 3 4 6 7 |  7.5

Action                   |  1- 3 |  4- 6 |  7- 9 | 10-12 || total
-------------------------+-------+-------+-------+-------++-------
Melee: Hand axe          |    28 |    36 |       |       ||    64
       Headbutt          |     6 |     2 |    42 |     7 ||    57
       War axe           |       |     5 |   231 |    38 ||   274
Invok: Berserk           |     1 |     3 |     5 |     1 ||    10
  Use: Scroll            |       |     6 |     1 |       ||     7
 Stab: Sleeping          |     1 |       |       |       ||     1
  Eat: Chunk             |       |     2 |     4 |       ||     6
       Ration            |       |     1 |     2 |       ||     3
Armor: Animal skin       |     3 |     8 |       |       ||    11
       Chain mail        |       |       |    81 |    13 ||    94
Dodge: Dodged            |    18 |    31 |   116 |    17 ||   182

Table legend:
 A = Spawn XP
 B = Non-spawn XP
 C = Spawn XP percentage of total XP
 D = Spawn monster count
 E = Non-spawn monster count
 F = Spawn count percentage of total count
 G = Total turns spent on level
                    A         B        C        D         E        F      G
               +---------+---------+-------+---------+---------+-------+---------
         Total |       0 |    6242 |   0.0 |       0 |     122 |   0.0 |  3532
               +---------+---------+-------+---------+---------+-------+---------
           D:1 |       0 |       1 |   0.0 |       0 |       1 |   0.0 |    41
           D:2 |       0 |      10 |   0.0 |       0 |       6 |   0.0 |   169
           D:3 |       0 |       7 |   0.0 |       0 |       2 |   0.0 |   114
           D:4 |       0 |     234 |   0.0 |       0 |       6 |   0.0 |   524
           D:5 |       0 |     243 |   0.0 |       0 |      10 |   0.0 |   576
           D:6 |       0 |    1153 |   0.0 |       0 |      20 |   0.0 |   698
           D:7 |       0 |    1627 |   0.0 |       0 |      39 |   0.0 |   858
           D:8 |       0 |    2967 |   0.0 |       0 |      38 |   0.0 |   552
               +---------+---------+-------+---------+---------+-------+---------
